[Event "Team 45 45 League T31"]
[Site "Internet Chess Club"]
[Date "2006.06.24"]
[Round "1"]
[White "mogwop"]
[Black "FiendAngelical"]
[Result "1-0"]
[WhiteElo "1593"]
[BlackElo "1447"]
[TimeControl "2700+45"]

1. d4 Nf6 2. Nf3 g6 3. e3 Bg7 4. Bd3 c5 5. c3 cxd4 6. exd4 O-O 7. O-O d6 8. h3
Nc6 9. Be3 e5 10. Nbd2 Nd5 11. Re1 Nxe3 12. fxe3 f5 13. dxe5 dxe5 14. Bc4+ Kh8
15. e4 fxe4 16. Nxe4 Qxd1 17. Raxd1 Bxh3 18. Nfg5 Bg4 19. Rd2 Nd8 20. Rf2 Bf5
21. Nd6 h6 22. Ngf7+ Nxf7 23. Nxf7+ Kh7 24. Nxe5 Bf6 25. Nf3 Rae8 26. Rfe2 Rxe2
27. Rxe2 Rd8 28. Kf2 h5 29. Be6 Bb1 30. Nd2 Bh4+ 31. g3 Bd3 32. Re1 Bg5 33. Nf3
Rf8 34. Bd5 Bb5 35. Bxb7 Bd7 36. Kg2 Bf6 37. Bd5 Rb8 38. Re2 Rb5 39. Bb3 Bg4 40.
Rf2 Be7 41. Nd4 Re5 42. Nc6 Re3 43. Rf7+ {Black resigns} 1-0

[Event "Team 45 45 League T31"]
[Site "Internet Chess Club"]
[Date "2006.06.22"]
[Round "1"]
[White "Fineas-Fogg"]
[Black "kingofthespill"]
[Result "1-0"]
[WhiteElo "1397"]
[BlackElo "1557"]
[TimeControl "2700+45"]

1. Nf3 Nf6 2. g3 g6 3. Bg2 Bg7 4. d4 d5 5. O-O O-O 6. Bf4 Nh5 7. Qd2 Nxf4 8.
Qxf4 Nc6 9. Nc3 Bxd4 10. Nxd4 e5 11. Nxc6 bxc6 12. Qxe5 Re8 13. Qd4 Rb8 14. b3
a5 15. a3 Ba6 16. Rfe1 Qd6 17. e4 Qe6 18. Re3 Rbd8 19. Rae1 Qg4 20. h3 Qc8 21.
exd5 Rxe3 22. Rxe3 cxd5 23. Re7 c5 24. Qf6 Rf8 25. Bxd5 {Black resigns} 1-0 
aics%

[Event "Team 45 45 League T31"]
[Site "Internet Chess Club"]
[Date "2006.06.26"]
[Round "1"]
[White "buzzard"]
[Black "GolferBob"]
[Result "1-0"]
[WhiteElo "1622"]
[BlackElo "1665"]
[TimeControl "2700+45"]

1. e4 c5 2. b4 b6 3. bxc5 bxc5 4. Bc4 e5 5. f4 exf4 6. Nf3 Bb7 7. d3 d6 8. Bxf4
Be7 9. O-O Nf6 10. e5 dxe5 11. Bxe5 O-O 12. Qe2 Nbd7 13. Bc3 Nb6 14. Nbd2 Na4
15. Rfe1 Nxc3 16. Qxe7 Qxe7 17. Rxe7 Bd5 18. Rae1 Bxc4 19. Nxc4 Rae8 20. a3 Nb5
21. a4 Nc3 22. Nd6 Rxe7 23. Rxe7 Ng4 24. Rxa7 Rb8 25. Nb5 Nd5 26. h3 Nh6 27. Kf2
f6 28. Nd6 Nb4 29. Ne1 Rd8 30. Nb7 Rd7 31. Ra8+ Kf7 32. Nxc5 Rc7 33. d4 Nf5 34.
Rb8 Nc6 35. Rb7 Rxb7 36. Nxb7 Nfxd4 37. a5 Nb5 38. c4 Na3 39. c5 Nc4 40. a6 Ke7
41. Nd3 Kd7 42. Nf4 N4e5 43. Ke3 g5 44. Nd5 Ke6 45. Nb4 Kd7 46. Nxc6 Nxc6 47.
Ke4 Ke7 48. g4 h6 49. Na5 Na7 50. Kd5 Kd7 51. c6+ Kc7 52. Ke6 Kb6 53. Kxf6 Kxa5
54. Kg6 Nxc6 55. Kxh6 Kxa6 56. Kxg5 Kb7 57. Kf6 Kc7 58. g5 Kd7 59. g6 Ne7 60. g7
Ke8 61. h4 Ng8+ 62. Kg6 Ne7+ 63. Kh7 Kf7 64. h5 Ng8 65. h6 Nf6+ 66. Kh8 Ne8 67.
g8=Q+ {Black resigns} 1-0  aics%

[Event "Team 45 45 League T31"]
[Site "Internet Chess Club"]
[Date "2006.06.25"]
[Round "1"]
[White "rh40"]
[Black "twintower"]
[Result "1-0"]
[WhiteElo "1618"]
[BlackElo "1523"]
[TimeControl "2700+45"]

1. e4 d5 2. exd5 Nf6 3. d4 Nxd5 4. Nc3 Nb6 5. Nf3 g6 6. Be3 Bg7 7. Qd2 Nc4 8.
Bxc4 Nd7 9. Bh6 Bf6 10. g4 e5 11. g5 Be7 12. dxe5 Nc5 13. Qxd8+ Bxd8 14. O-O-O
b6 15. b4 Ne6 16. Bb5+ Ke7 17. Nd5# {Black checkmated} 1-0  aics%

[Event "Team 45 45 League T31"]
[Site "Internet Chess Club"]
[Date "2006.06.25"]
[Round "1"]
[White "heh"]
[Black "kevinfons"]
[Result "0-1"]
[WhiteElo "1505"]
[BlackElo "1441"]
[TimeControl "2700+45"]

1. e4 c5 2. Nf3 Nc6 3. Bc4 e6 4. Nc3 d6 5. d4 cxd4 6. Nxd4 Nf6 7. Bg5 Be7 8. Nf3
O-O 9. O-O a6 10. e5 dxe5 11. Qxd8 Bxd8 12. Rfe1 b5 13. Bd3 Bb7 14. Nxe5 Nxe5
15. Rxe5 Nd5 16. Bd2 Bf6 17. Re2 Rac8 18. Nxd5 Bxd5 19. c3 Bc4 20. Bxc4 Rxc4 21.
Be3 Rfc8 22. Rc1 h6 23. g3 b4 24. Rec2 bxc3 25. bxc3 Rxc3 26. Rxc3 Rxc3 27. Rxc3
Bxc3 28. a4 g5 29. Kf1 f5 30. Ke2 e5 31. Kd3 Ba5 32. f3 Kf7 33. f4 e4+ 34. Kc4
g4 35. Kd5 Kg6 36. Kc6 Be1 37. Kb6 a5 38. Kb5 h5 39. Bb6 h4 40. Bxa5 Bxa5 41.
Kxa5 e3 42. Kb6 e2 43. a5 e1=Q 44. a6 hxg3 45. a7 Qf2+ 46. Kb7 Qxa7+ {White
resigns} 0-1  aics%

[Event "Team 45 45 League T31"]
[Site "Internet Chess Club"]
[Date "2006.06.27"]
[Round "1"]
[White "jazzyrick"]
[Black "ElmerHo"]
[Result "1-0"]
[WhiteElo "1661"]
[BlackElo "1572"]
[TimeControl "2700+45"]

1. e4 e5 2. Nf3 Nf6 3. d4 Nxe4 4. Nxe5 d6 5. Nf3 d5 6. Bd3 Bd6 7. O-O O-O 8. c4
c6 9. Nc3 Nxc3 10. bxc3 dxc4 11. Bxc4 Bg4 12. Qd3 Nd7 13. Ng5 Nf6 14. f3 Bh5 15.
f4 h6 16. Nh3 Qc7 17. Qg3 Rae8 18. Qh4 Be2 19. Bxe2 Rxe2 20. Qg3 Qa5 21. Qd3
Rxa2 22. Bb2 Rxa1 23. Rxa1 Qb6 24. Rb1 Qc7 25. g3 Re8 26. Nf2 Qe7 27. Kf1 Qe3
28. Qc2 Qe6 29. c4 Ne4 30. Nd3 Qh3+ 31. Kg1 Nf6 32. Nf2 Qd7 33. Bc3 c5 34. d5
Be7 35. Qb2 b6 36. Re1 Bd8 37. Ra1 Nh7 38. Bxg7 f5 39. Be5 Nf8 40. Ra6 Re7 41.
Nd3 Ne6 42. Bf6 Rh7 43. Bc3 Qc7 {Black resigns} 1-0  aics%

[Event "Team 45 45 League T31"]
[Site "Internet Chess Club"]
[Date "2006.06.22"]
[Round "1"]
[White "Bowlomeat"]
[Black "DynamoKyiv"]
[Result "1-0"]
[WhiteElo "1561"]
[BlackElo "1500"]
[TimeControl "2700+45"]

1. e4 e5 2. Nf3 Nc6 3. Bc4 Bc5 4. b4 Bxb4 5. c3 Ba5 6. O-O d6 7. d4 Bb6 8. Ng5
Nh6 9. Qh5 Qf6 10. d5 Bg4 11. Qh4 Ne7 12. h3 Ng6 13. Qg3 Bd7 14. Nf3 Nf4 15.
Bxf4 exf4 16. Qg5 Qxg5 17. Nxg5 Ng8 18. Re1 O-O-O 19. Nxf7 Nf6 20. Nxh8 Rxh8 21.
Nd2 Ba5 22. Rec1 Re8 23. f3 g5 24. Kh2 h5 25. Be2 Bb6 26. Nc4 Bc5 27. a4 Rg8 28.
Rcb1 Re8 29. Na5 Bb6 30. Nxb7 Kxb7 31. a5 Kc8 32. Ba6+ Kd8 33. axb6 cxb6 34. Bb7
g4 35. Rxa7 b5 36. Ra8+ Ke7 37. Rxe8+ Kxe8 38. Bc6 {Black resigns} 1-0  aics%

[Event "Team 45 45 League T31"]
[Site "Internet Chess Club"]
[Date "2006.06.24"]
[Round "1"]
[White "ChessZak"]
[Black "Invicta-Knight"]
[Result "1-0"]
[WhiteElo "1482"]
[BlackElo "1484"]
[TimeControl "2700+45"]

1. d4 Nf6 2. c4 c5 3. d5 b5 4. cxb5 a6 5. bxa6 Bxa6 6. Nc3 d6 7. Nf3 g6 8. Qc2
Bg7 9. e4 Bxf1 10. Kxf1 O-O 11. g3 Nbd7 12. Kg2 Qb6 13. Re1 Ng4 14. h3 Nge5 15.
Nxe5 Nxe5 16. b3 Ra6 17. f4 Nd7 18. Bb2 Qb7 19. Na4 Nf6 20. Bxf6 Bxf6 21. Rad1
Bd4 22. Qc4 Rb8 23. Re2 Qb4 24. Qxa6 Rb5 25. Qc8+ Kg7 26. Qg4 h5 27. Qf3 c4 28.
Rxd4 {Black resigns} 1-0

[Event "Team 45 45 League T31"]
[Site "Internet Chess Club"]
[Date "2006.06.25"]
[Round "1"]
[White "Phosphorus"]
[Black "ChessAddict"]
[Result "1/2-1/2"]
[WhiteElo "2143"]
[BlackElo "2134"]
[TimeControl "2700+45"]

1. c4 e5 2. Nc3 Nc6 3. g3 g6 4. Bg2 Bg7 5. d3 d6 6. Nf3 f5 7. O-O Nf6 8. Bg5 h6
9. Bxf6 Qxf6 10. Nd5 Qf7 11. Rb1 a5 12. a3 O-O 13. b4 axb4 14. axb4 Be6 15. b5
Nd8 16. b6 c6 17. Nc7 Rb8 18. Nxe6 Nxe6 19. Nd2 g5 20. Ra1 h5 21. Ra7 Qg6 22.
Qa4 Nc5 23. Qa3 h4 24. Nb3 Nxb3 25. Qxb3 Kh7 26. g4 Kh6 27. gxf5 Qxf5 28. Qa3
Qe6 29. h3 Rfd8 30. e4 Bf6 31. Qc1 Rg8 32. f3 Bd8 33. Qe3 Rf8 34. Rb1 Qf6 35.
Kh1 Qf4 36. Qe1 Qf7 37. Qb4 c5 38. Qb5 Qe8 39. Kg1 Qxb5 40. Rxb5 Rf7 41. Kf2 Kg6
42. Ke3 Kf6 43. Bf1 Ke6 {Game drawn by mutual agreement} 1/2-1/2  aics%

[Event "Team 45 45 League T31"]
[Site "Internet Chess Club"]
[Date "2006.06.23"]
[Round "1"]
[White "DeLaSalle"]
[Black "jayes"]
[Result "1/2-1/2"]
[WhiteElo "2028"]
[BlackElo "2055"]
[TimeControl "2700+45"]

1. b3 e5 2. Bb2 Nc6 3. Nf3 d6 4. d4 f6 5. e4 Nh6 6. Nc3 a6 7. Be2 Nf7 8. O-O Ne7
9. dxe5 fxe5 10. Bc4 Ng6 11. Qd2 h6 12. h3 c6 13. Ne2 Qf6 14. Rad1 Bxh3 15.
Bxf7+ Kxf7 16. Qd3 Bg4 17. Nh2 h5 18. f4 Ke8 19. fxe5 Qe6 20. exd6 Rd8 21. e5
Bxe2 22. Qxe2 Rxd6 23. Rxd6 Bxd6 24. Qe4 h4 25. Re1 Be7 26. Rf1 h3 27. g3 Rh5
28. Qg4 Qxg4 29. Nxg4 Rg5 30. Nf2 Rxg3+ 31. Kh2 Rg2+ 32. Kh1 Nh4 33. Nxh3 Rxc2
34. Rf2 Rc5 35. e6 g5 36. Ba3 Rb5 37. Bb2 g4 38. Nf4 g3 39. Re2 Rf5 40. Be5 Bf6
41. Bxf6 Rxf4 42. Bxh4 Rxh4+ 43. Kg1 Ke7 44. Re3 Rh2 45. Rxg3 Rxa2 46. Rg7+ Kxe6
47. Rxb7 Kd5 48. Kf1 Kd4 49. Rd7+ Kc5 50. Ke1 a5 51. Kd1 a4 52. bxa4 Rxa4 53.
Kc2 Kc4 54. Kb2 c5 55. Rd8 Rb4+ 56. Kc2 Rb3 57. Rd7 Rg3 58. Rd2 Kb4 59. Rh2 c4
60. Rf2 Ra3 61. Rf8 Ra2+ 62. Kb1 Rh2 63. Kc1 Kb3 64. Rf1 Ra2 65. Kb1 c3 66. Rf3
Re2 67. Rf1 Rb2+ 68. Kc1 c2 69. Rf3+ Ka2 70. Rc3 {Game drawn by mutual
agreement} 1/2-1/2  aics%

[Event "Team 45 45 League T31"]
[Site "Internet Chess Club"]
[Date "2006.06.25"]
[Round "1"]
[White "Boromir"]
[Black "mike0897"]
[Result "1/2-1/2"]
[WhiteElo "1906"]
[BlackElo "1846"]
[TimeControl "2700+45"]

1. d4 Nf6 2. c4 g6 3. Nc3 Bg7 4. e4 d6 5. Nf3 O-O 6. Be2 e5 7. O-O exd4 8. Nxd4
Re8 9. f3 Nbd7 10. Bg5 a6 11. Nc2 h6 12. Be3 Kh7 13. Qd2 Ne5 14. Nd5 Be6 15.
Rac1 Rb8 16. a4 Nfd7 17. b3 c6 18. Nf4 Nc5 19. Nxe6 Nxe6 20. Rfd1 c5 21. Qxd6
Nc6 22. Bxc5 Bf8 23. Qxf8 Rxf8 24. Rxd8 Rfxd8 25. Be3 Ncd4 26. Nxd4 Nxd4 27. Bd1
Nc6 28. Be2 Nd4 29. Bd1 Nc6 {Game drawn by mutual agreement} 1/2-1/2  aics%

[Event "Team 45 45 League T31"]
[Site "Internet Chess Club"]
[Date "2006.06.27"]
[Round "1"]
[White "MehmetBulent"]
[Black "JohnnySP"]
[Result "0-1"]
[WhiteElo "1829"]
[BlackElo "1837"]
[TimeControl "2700+45"]

1. d4 Nf6 2. Nf3 d5 3. c4 g6 4. Nc3 Bg7 5. cxd5 Nxd5 6. e4 Nxc3 7. bxc3 c5 8.
Bc4 Nc6 9. Be3 Qa5 10. Qd2 Bg4 11. Ng5 O-O 12. h3 cxd4 13. cxd4 Qxd2+ 14. Bxd2
Bd7 15. O-O Nxd4 16. Rad1 Ba4 17. Rb1 b5 18. Bxf7+ Rxf7 19. Nxf7 Kxf7 20. Be3
Rc8 21. Bxd4 Bxd4 22. Rbc1 Rc2 23. Rxc2 Bxc2 24. Re1 a5 25. g3 b4 26. Re2 b3 27.
axb3 Bxb3 28. Rd2 e5 29. Kg2 a4 30. Rd3 Ke6 31. f4 Bc2 32. f5+ gxf5 33. exf5+
Kxf5 34. g4+ Ke6 35. Rd2 Be4+ 36. Kg3 a3 37. h4 Bd5 38. g5 a2 39. h5 a1=Q 40. g6
Qe1+ 41. Kg4 Qe4+ 42. Kh3 hxg6 43. h6 g5 44. Kh2 Qh4# {White checkmated} 0-1 
aics%

[Event "Team 45 45 League T31"]
[Site "Internet Chess Club"]
[Date "2006.06.25"]
[Round "1"]
[White "azbycx"]
[Black "sogtulakk"]
[Result "1-0"]
[WhiteElo "1919"]
[BlackElo "2058"]
[TimeControl "2700+45"]

1. d4 Nf6 2. c4 e6 3. Nf3 Be7 4. Nc3 O-O 5. Bf4 d6 6. e4 Nbd7 7. h3 Re8 8. e5
Nh5 9. Bh2 g6 10. Qd2 dxe5 11. dxe5 Nb6 12. Rd1 Qxd2+ 13. Rxd2 Bd7 14. Be2 Rad8
15. O-O Ng7 16. Rfd1 c5 17. Ne4 Bc6 18. Rxd8 Rxd8 19. Rxd8+ Bxd8 20. Nxc5 Be7
21. b4 Nf5 22. g4 Ng7 23. Nd4 Bxc5 24. bxc5 Na4 25. Nxc6 bxc6 26. Bf3 Nxc5 27.
Bxc6 Kf8 28. f4 Nd3 29. Bb5 Ne8 30. Kf1 Nc7 31. Ba4 Na6 32. Bc2 Ndb4 33. Bb3 Ke7
34. Ke2 Kd8 35. Bg1 Nc6 36. a3 Kc7 37. Ba4 Nab8 38. Kd3 a6 39. Bc5 Nd7 40. Bd6+
Kb6 41. c5+ Nxc5+ 42. Bxc5+ Kxc5 43. Bxc6 Kxc6 44. Kc4 h6 45. h4 g5 46. fxg5
hxg5 47. h5 {Black resigns} 1-0  aics%

[Event "Team 45 45 League T31"]
[Site "Internet Chess Club"]
[Date "2006.06.25"]
[Round "1"]
[White "spacecadet"]
[Black "alexcolins"]
[Result "0-1"]
[WhiteElo "1878"]
[BlackElo "1813"]
[TimeControl "2700+45"]

1. e4 c5 2. b4 cxb4 3. Nf3 d5 4. e5 Bg4 5. d4 Nc6 6. Be3 e6 7. Bd3 Nge7 8. h3
Bf5 9. g4 Bxd3 10. Qxd3 Ng6 11. h4 Be7 12. g5 h5 13. gxh6 gxh6 14. Rg1 Nxh4 15.
Nxh4 Bxh4 16. Bxh6 Qe7 17. Be3 O-O-O 18. Nd2 Rdg8 19. Rxg8+ Rxg8 20. O-O-O Bg5
21. f4 Bh4 22. Nf3 Na5 23. f5 exf5 24. Qxf5+ Kb8 25. Nxh4 Qxh4 26. Qxf7 Qg3 27.
Bf4 Qa3+ 28. Kb1 Rc8 29. Qxd5 Nc4 30. e6+ Ka8 31. Bc1 Qc3 32. a4 Na3+ 33. Ka2
Qxc2+ 34. Bb2 Qxd1 35. Qf5 Qxa4 36. e7 b3+ 37. Ka1 Nb1+ 38. Kxb1 Qa2# {White
checkmated} 0-1

[Event "Team 45 45 League T31"]
[Site "Internet Chess Club"]
[Date "2006.06.24"]
[Round "1"]
[White "deathmage"]
[Black "marson"]
[Result "0-1"]
[WhiteElo "1725"]
[BlackElo "1948"]
[TimeControl "2700+45"]

1. e4 e6 2. d4 d5 3. Nc3 Nf6 4. e5 Nfd7 5. f4 c5 6. Nf3 Nc6 7. Be3 Qb6 8. Na4
Qa5+ 9. c3 cxd4 10. b4 Nxb4 11. cxb4 Bxb4+ 12. Bd2 Bxd2+ 13. Nxd2 b6 14. Bd3 Ba6
15. Bxa6 Qxa6 16. Rc1 O-O 17. Qb3 f6 18. Rc7 Rad8 19. exf6 Rxf6 20. Rf1 b5 21.
Nc5 Nxc5 22. Rxc5 Qd6 23. Rxb5 Rxf4 24. Rxf4 Qxf4 25. Nf3 Rc8 26. Rb4 Qc1+ 27.
Qd1 Qe3+ 28. Kf1 Rc1 29. Qxc1 Qxc1+ 30. Kf2 d3 31. Rb7 d2 32. Ne5 h6 33. Rb8+
Kh7 34. Nf7 Qe1+ 35. Kf3 d1=Q+ {White resigns} 0-1  aics%

[Event "Team 45 45 League T31"]
[Site "Internet Chess Club"]
[Date "2006.06.24"]
[Round "1"]
[White "Amauta"]
[Black "ETwoEFour"]
[Result "1/2-1/2"]
[WhiteElo "1918"]
[BlackElo "1928"]
[TimeControl "2700+45"]

1. e4 e5 2. Nf3 Nc6 3. Bb5 a6 4. Ba4 Nf6 5. d3 b5 6. Bb3 Bc5 7. Bg5 h6 8. Bh4 d6
9. O-O Na5 10. Nc3 O-O 11. h3 c6 12. a3 Nxb3 13. cxb3 a5 14. d4 exd4 15. Nxd4
Bd7 16. Re1 Re8 17. Qd3 Rc8 18. Rad1 b4 19. Na4 Ba7 20. Qa6 Qc7 21. Bxf6 gxf6
22. Re3 Re5 23. Qd3 d5 24. Rg3+ Rg5 25. Rxg5+ hxg5 26. Nf5 Bxf5 27. exf5 Bb8 28.
g3 Ba7 29. Kg2 d4 30. Rc1 c5 31. Qa6 Qc6+ 32. Qxc6 Rxc6 33. axb4 axb4 34. Kf1
Rc7 35. Ke2 Re7+ 36. Kd3 Re5 37. g4 {Game drawn by mutual agreement} 1/2-1/2 
aics%

[Event "Team 45 45 League T31"]
[Site "Internet Chess Club"]
[Date "2006.06.25"]
[Round "1"]
[White "chickenhead"]
[Black "Simonside"]
[Result "0-1"]
[WhiteElo "1886"]
[BlackElo "1911"]
[TimeControl "2700+45"]

1. c4 e5 2. Nc3 Bb4 3. Nf3 Nc6 4. g3 Nf6 5. d3 O-O 6. Bg2 e4 7. dxe4 Nxe4 8. Qd3
Re8 9. O-O Bxc3 10. bxc3 Qf6 11. Bd2 d6 12. Ne1 Bf5 13. Qe3 Na5 14. Bxe4 Rxe4
15. Qg5 Qxg5 16. Bxg5 Rxe2 17. Nf3 c5 18. Rfe1 Rae8 19. Rxe2 Rxe2 20. Re1 Rxe1+
21. Nxe1 f6 22. Bf4 Nxc4 23. Ng2 Ne5 24. Ne3 Be6 {White resigns} 0-1  aics%

[Event "Team 45 45 League T31"]
[Site "Internet Chess Club"]
[Date "2006.06.25"]
[Round "1"]
[White "room-matt"]
[Black "burnsja2003"]
[Result "1-0"]
[WhiteElo "1876"]
[BlackElo "1781"]
[TimeControl "2700+45"]

1. e4 c5 2. Nf3 e6 3. d4 cxd4 4. Nxd4 Nc6 5. Nc3 d6 6. Bc4 Nf6 7. Be3 Be7 8. O-O
O-O 9. Bb3 a6 10. f4 Qc7 11. f5 Nxd4 12. Bxd4 b5 13. fxe6 Bxe6 14. Nd5 Bxd5 15.
exd5 a5 16. a4 Qb7 17. axb5 Qxb5 18. Re1 Qb7 19. Qf3 Bd8 20. Kh1 Qd7 21. Ba4 Qg4
22. Qxg4 Nxg4 23. Bc6 Rb8 24. Ra4 Rb4 25. Rxb4 axb4 26. Re4 Bf6 27. Rxg4 Bxd4
28. Rxd4 Rb8 29. Re4 Kf8 30. Kg1 g5 31. g4 h6 32. Kf2 Rb6 33. Re8+ Kg7 34. Ra8
Kf6 35. Ke3 Kg6 36. Ke4 b3 37. c3 h5 38. gxh5+ Kxh5 39. Kf5 {Black resigns} 1-0 
aics%

[Event "Team 45 45 League T31"]
[Site "Internet Chess Club"]
[Date "2006.06.22"]
[Round "1"]
[White "NESKAYA"]
[Black "jientho"]
[Result "0-1"]
[WhiteElo "1563"]
[BlackElo "1502"]
[TimeControl "2700+45"]

1. e4 e5 2. Nf3 Nf6 3. Nxe5 d6 4. Nf3 Nxe4 5. Qe2 Qe7 6. d3 Nf6 7. Qxe7+ Bxe7 8.
Be2 O-O 9. O-O c5 10. d4 Nc6 11. dxc5 dxc5 12. c3 a6 13. Bg5 b5 14. h3 Bf5 15.
Nbd2 Rfe8 16. Rfe1 Rad8 17. Nb3 Ne4 18. Bxe7 Rxe7 19. Nh4 Be6 20. f3 Ng3 21.
Nxc5 Rd2 22. Kf2 Nxe2 23. Rxe2 Rxe2+ 24. Kxe2 Bc4+ 25. Kd1 a5 26. b3 Bf1 27. Kd2
Re2+ 28. Kd1 g5 29. Nf5 Rxg2 30. Ke1 Bd3 31. Rd1 Rg1+ 32. Kd2 Rxd1+ 33. Kxd1
Bxf5 34. Kd2 Bxh3 35. Ke3 h5 36. Ne4 g4 37. fxg4 Bxg4 38. Kf4 f5 39. Nd6 b4 40.
cxb4 Nxb4 41. a3 Nd5+ 42. Ke5 Ne3 43. Kf4 Nd5+ 44. Ke5 Ne7 45. Kf4 h4 46. b4
axb4 47. axb4 Nd5+ 48. Kg5 h3 49. Nxf5 Bxf5 {White resigns} 0-1  aics%

[Event "Team 45 45 League T31"]
[Site "Internet Chess Club"]
[Date "2006.06.23"]
[Round "1"]
[White "GamblingFischer"]
[Black "A-Ru"]
[Result "0-1"]
[WhiteElo "1920"]
[BlackElo "1973"]
[TimeControl "2700+45"]

1. d4 e6 2. c4 d5 3. cxd5 exd5 4. Nc3 c6 5. Nf3 Bf5 6. Bf4 Bd6 7. Bg3 Bxg3 8.
hxg3 Nf6 9. Qb3 Qb6 10. Qa3 Na6 11. O-O-O Nb4 12. Nh4 Bg4 13. f3 Be6 14. g4 g6
15. g5 Nh5 16. g4 Ng3 17. Rg1 Nxf1 18. Rgxf1 h5 19. gxh5 Rxh5 20. Rh1 O-O-O 21.
Na4 Qb5 22. Nc3 Qb6 23. Na4 Qa5 24. Rh2 Rdh8 25. Rdh1 Bf5 26. f4 Be4 27. Qh3+
Kc7 28. b3 Bxh1 29. Nc5 Nxa2+ 30. Kb2 Qc3+ {White resigns} 0-1  aics%

[Event "Team 45 45 League T31"]
[Site "Internet Chess Club"]
[Date "2006.06.23"]
[Round "1"]
[White "Qualm"]
[Black "Beancounter"]
[Result "0-1"]
[WhiteElo "1814"]
[BlackElo "1664"]
[TimeControl "2700+45"]

1. e4 c5 2. Nf3 d6 3. d4 cxd4 4. Nxd4 Nf6 5. Nc3 a6 6. Bg5 e6 7. f4 Qb6 8. Qd2
Qxb2 9. Rb1 Qa3 10. f5 Be7 11. fxe6 fxe6 12. Bc4 O-O 13. Nxe6 Bxe6 14. Bxe6+ Kh8
15. Rxb7 Nc6 16. Rc7 Qc5 17. Be3 Qe5 18. Bd5 Nb4 19. O-O Nfxd5 20. Rxf8+ Rxf8
21. Nxd5 Nxd5 22. Qxd5 Qa1+ {White resigns} 0-1  aics%

[Event "Team 45 45 League T31"]
[Site "Internet Chess Club"]
[Date "2006.06.23"]
[Round "1"]
[White "Kingofknights"]
[Black "rabanito"]
[Result "1-0"]
[WhiteElo "1640"]
[BlackElo "1565"]
[TimeControl "2700+45"]

1. d4 d5 2. c4 c6 3. Nf3 Nf6 4. Nc3 a6 5. a4 e6 6. c5 a5 7. Bg5 b6 8. cxb6 Qxb6
9. Bxf6 Qxb2 10. Qc1 Qxc1+ 11. Rxc1 gxf6 12. e3 Ba3 13. Rc2 Na6 14. Na2 Nb4 15.
Nxb4 axb4 16. Rxc6 b3 17. Nd2 b2 18. Rb6 Rxa4 19. Bb5+ Bd7 20. Bxa4 Bxa4 21. Nb1
{Black resigns} 1-0  aics%

[Event "Team 45 45 League T31"]
[Site "Internet Chess Club"]
[Date "2006.06.23"]
[Round "1"]
[White "NotSoGreat"]
[Black "JustinSane"]
[Result "1-0"]
[WhiteElo "2298"]
[BlackElo "2186"]
[TimeControl "2700+45"]

1. e4 e6 2. d4 d5 3. Nc3 Bb4 4. e5 c5 5. a3 Bxc3+ 6. bxc3 Ne7 7. Qg4 O-O 8. Bd3
Nbc6 9. Qh5 Ng6 10. Nf3 Qc7 11. Be3 c4 12. Bxg6 fxg6 13. Qg4 Bd7 14. h4 Rf5 15.
Ng1 Raf8 16. Ne2 Qb6 17. Kd2 Nd8 18. Ng3 Rxf2+ 19. Bxf2 Rxf2+ 20. Ne2 Ba4 21.
Rab1 Qc7 22. h5 gxh5 23. Qxh5 g6 24. Qh4 Rxg2 25. Qf6 Rxe2+ 26. Kxe2 Bxc2 27.
Rxh7 Bd3+ 28. Ke3 {Black resigns} 1-0  aics%

[Event "Team 45 45 League T31"]
[Site "Internet Chess Club"]
[Date "2006.06.24"]
[Round "1"]
[White "Malcolm"]
[Black "The-Rookie"]
[Result "0-1"]
[WhiteElo "1734"]
[BlackElo "1716"]
[TimeControl "2700+45"]

1. Nc3 c5 2. g4 d5 3. Bg2 e6 4. d3 Nc6 5. e3 Bd6 6. b3 h5 7. Bb2 hxg4 8. Qxg4
Be5 9. f4 Bf6 10. Nge2 Nh6 11. Qf3 b5 12. Ng3 Qa5 13. Ne2 Nb4 14. Kd1 Bd7 15. a3
Nc6 16. e4 Nd4 17. Nxd4 Bxd4 18. Kd2 dxe4 19. Qxe4 O-O 20. b4 Qb6 21. Qb7 Qd6
22. Raf1 Rab8 23. Ne4 Qe7 24. Qxa7 Bxb2 25. Nxc5 Rfd8 26. Bc6 Bd4 27. Bxd7 Bxc5
28. bxc5 Qxd7 29. Qxd7 Rxd7 30. Kc3 Rd5 31. Kb4 Rc8 32. h3 Rdxc5 33. Rh2 Rxc2
34. Rxc2 Rxc2 35. Kxb5 Rb2+ 36. Kc4 Kf8 37. Ra1 Ke7 38. a4 Kd6 39. a5 Kc7 40. a6
Kb8 41. d4 Ka7 42. d5 exd5+ 43. Kxd5 Rb3 44. h4 Rb4 45. Ke5 f6+ 46. Ke6 Rxf4 47.
Rg1 Re4+ 48. Kd5 Rg4 49. Rc1 Kxa6 50. Kc6 Ka5 51. Kc5 Ka4 52. h5 Kb3 53. Kd6 Rg5
54. Rc7 Rxh5 {White resigns} 0-1

[Event "Team 45 45 League T31"]
[Site "Internet Chess Club"]
[Date "2006.06.24"]
[Round "1"]
[White "EdBorowski"]
[Black "nightly"]
[Result "1/2-1/2"]
[WhiteElo "1997"]
[BlackElo "2002"]
[TimeControl "2700+45"]

1. d4 d5 2. Nf3 Nf6 3. Bf4 c5 4. c3 Qb6 5. b3 Nc6 6. e3 Bg4 7. Be2 e6 8. O-O Be7
9. Ne5 Bxe2 10. Qxe2 Nxe5 11. Bxe5 O-O 12. Nd2 Nd7 13. Bg3 Rac8 14. Rac1 Bd6 15.
Bxd6 Qxd6 16. Nf3 Rc6 17. c4 dxc4 18. Rxc4 cxd4 19. Rxc6 Qxc6 20. Nxd4 Qc5 21.
Rd1 Nf6 22. Qb5 Qxb5 23. Nxb5 a6 24. Nd4 Rc8 25. Kf1 Kf8 26. Rd2 {Game drawn by
mutual agreement} 1/2-1/2  aics%

[Event "Team 45 45 League T31"]
[Site "Internet Chess Club"]
[Date "2006.06.22"]
[Round "1"]
[White "PaulKaspar"]
[Black "Flying-Tiger"]
[Result "1-0"]
[WhiteElo "1885"]
[BlackElo "1803"]
[TimeControl "2700+45"]

1. e4 c5 2. Nf3 g6 3. Bd3 Bg7 4. c3 Nf6 5. Bc2 Nc6 6. d4 cxd4 7. cxd4 Nb4 8. Nc3
Nxc2+ 9. Qxc2 d5 10. e5 Bf5 11. Qa4+ Bd7 12. Qc2 Bf5 13. Qa4+ Bd7 14. Qb3 Ne4
15. Qxb7 Nxc3 16. bxc3 e6 17. O-O O-O 18. Bg5 f6 19. exf6 Bxf6 20. Bxf6 Rxf6 21.
Ne5 Ba4 22. Rab1 a6 23. Rfe1 Bb5 24. Ng4 Rf8 25. Nh6+ Kh8 26. Nf7+ Rxf7 27. Qxf7
Bd7 28. Rb7 {Black resigns} 1-0  aics%  kopereitor(71): jajajajaja aics%

[Event "Team 45 45 League T31"]
[Site "Internet Chess Club"]
[Date "2006.06.26"]
[Round "1"]
[White "Petros-son"]
[Black "viking99"]
[Result "1/2-1/2"]
[WhiteElo "1797"]
[BlackElo "1804"]
[TimeControl "2700+45"]

1. d4 Nf6 2. c4 g6 3. Nc3 d5 4. cxd5 Nxd5 5. e4 Nxc3 6. bxc3 Bg7 7. Bc4 c5 8.
Ne2 O-O 9. O-O cxd4 10. cxd4 Nc6 11. Be3 a6 12. Rc1 Na5 13. Bd3 Nc6 14. Bc2 e6
15. Qd2 Na5 16. Bd3 b5 17. Bh6 Bb7 18. Bxg7 Kxg7 19. Qb2 Rc8 20. Rxc8 Qxc8 21.
d5+ f6 22. Nf4 exd5 23. exd5 Rf7 24. Rc1 Qd7 25. Qb4 Nc4 26. Bxc4 bxc4 27. Qxc4
Re7 28. h3 Qd6 29. Qc5 Qxc5 30. Rxc5 Rd7 31. Ne6+ Kf7 32. Nc7 Ke7 33. Rc3 Kd6
34. Ne8+ Ke7 35. Re3+ Kf7 36. d6 Bd5 37. a3 Be6 38. Kf1 Kxe8 39. Rxe6+ Kf7 {Game
drawn by mutual agreement} 1/2-1/2  aics%

[Event "Team 45 45 League T31"]
[Site "Internet Chess Club"]
[Date "2006.06.25"]
[Round "1"]
[White "bondguy01"]
[Black "narog"]
[Result "1/2-1/2"]
[WhiteElo "1695"]
[BlackElo "2062"]
[TimeControl "2700+45"]

1. d4 f5 2. c4 Nf6 3. Nc3 g6 4. h4 Bg7 5. e4 d6 6. h5 Nxh5 7. Rxh5 gxh5 8. Qxh5+
Kf8 9. Bh6 e6 10. Nf3 Qf6 11. Bg5 Qf7 12. Qxf7+ Kxf7 13. exf5 exf5 14. O-O-O Nd7
15. Nb5 Nf6 16. Bxf6 Bxf6 17. Nxc7 Rb8 18. Nb5 Rd8 19. Nxa7 Bd7 20. Nb5 Bxb5 21.
cxb5 Rbc8+ 22. Kb1 Rc7 23. Bd3 f4 24. Bxh7 Re8 25. Bd3 Rg8 26. Rg1 Rg7 27. b3
Ke8 28. Bc4 Kd8 29. Kb2 Rce7 30. Kb1 Kc7 31. a4 Re4 32. Bd3 Ree7 33. Bc4 Re4 34.
Bd3 Ree7 35. Bc4 {Game drawn by repetition} 1/2-1/2  aics%

[Event "Team 45 45 League T31"]
[Site "Internet Chess Club"]
[Date "2006.06.21"]
[Round "1"]
[White "RingLord"]
[Black "RD1974"]
[Result "1/2-1/2"]
[WhiteElo "1653"]
[BlackElo "1657"]
[TimeControl "2700+45"]

1. e4 c5 2. Nf3 Nc6 3. Bd3 g6 4. c3 Bg7 5. Bc2 d6 6. d3 b5 7. Be3 Bb7 8. Nbd2 a5
9. d4 cxd4 10. cxd4 Nf6 11. a3 O-O 12. d5 Nb8 13. O-O Na6 14. Nd4 b4 15. Rc1 Nc5
16. f3 Qd7 17. N2b3 a4 18. Nxc5 dxc5 19. Ne2 c4 20. axb4 Qd6 21. Bc5 Qd7 22. Bb1
Ba6 23. Nc3 Ne8 24. Ba2 Nd6 25. Re1 Rfc8 26. Nxa4 Bb5 27. Nb6 Qc7 28. Bxc4 Bxc4
29. Nxc4 Nxc4 30. Rxc4 Bxb2 31. Qc2 Ra2 32. Qb3 Rca8 33. Bd4 Bxd4+ 34. Rxd4 Qb6
35. Rd1 Re2 36. Kf1 Raa2 37. Qc4 Rf2+ 38. Kg1 Rxg2+ 39. Kh1 {Game drawn by
mutual agreement} 1/2-1/2  aics%